 Dungeon Crawl Stone Soup version 0.31-a0-188-g5e087ee2ca (webtiles) character file.

Game seed: 5079505825601827977

423 qw the Skirmisher (level 6, -10/35 HPs)
             Began as a Deep Elf Hunter on June 23, 2023.
             Killed by divine providence
             ... invoked by an orc priest
              (12 damage)
             ... on level 4 of the Dungeon.
             The game lasted 00:00:52 (2814 turns).

qw the Skirmisher (Deep Elf Hunter)                 Turns: 2814, Time: 00:00:53

Health: -10/35     AC:  6    Str: 10    XL:     6   Next: 63%
Magic:  8/8        EV: 11    Int: 14    God:
Gold:   182        SH:  0    Dex: 18    Spells: 5/5 levels left

rFire   . . .        g - +0 shortbow (heavy)
rCold   . . .        (shield currently unavailable)
rNeg    . . .        c - +0 ring mail
rPois   .            i - +0 helmet
rElec   .            (no cloak)
rCorr   .            (no gloves)
SInv    .            (no boots)
Will    +....        (no amulet)
Stlth   +            f - ring of willpower
HPRegen 0.25/turn    (no ring)
MPRegen 0.11/turn

%: no passive effects
@: no status effects
A: no striking features
a: no special abilities


You were on level 4 of the Dungeon.
You visited 1 branch of the dungeon, and saw 4 of its levels.

You collected 182 gold pieces.


   Skills:
 - Level 2.2 Fighting
 - Level 10.0 Ranged Weapons
 + Level 0.0 Armour
 - Level 3.0 Dodging
 - Level 1.2 Stealth


You had 5 spell levels left.
You didn't know any spells.
Your spell library was empty.

Inventory:

Hand Weapons
 g - a +0 heavy shortbow (weapon)
Armour
 c - a +0 ring mail (worn)
 i - a +0 helmet (worn)
Jewellery
 f - a ring of willpower (left hand)
Scrolls
 h - a scroll of identify
Potions
 a - a potion of mutation
 d - a potion of might
 j - 2 potions of curing

Dungeon Overview and Level Annotations

Branches:
Dungeon (4/15)
 Temple: D:4-7

Altars:
Elyvilon
Gozag

Annotations:
D:3 2 transporters, 2 runed translucent doors, qw's ghost, amateur DEHu


Message History

You shoot an arrow.
The arrow hits the scorpion zombie but does no damage.
The scorpion zombie is heavily damaged.
The orc shouts!
The orc priest shouts!
The scorpion zombie hits you. The phantom hits you.
An orc comes into view. It is wielding a +0 dagger.
The scorpion zombie closely misses you. The phantom hits you.
The phantom blinks!
You blink.
The orc moves out of view.
Enter note: You shoot an arrow.
The arrow closely misses the phantom.
The arrow hits the orc!!
You kill the orc!
The phantom hits you but does no damage.
You shoot an arrow. The arrow hits the scorpion zombie!
The scorpion zombie is almost destroyed.
The scorpion zombie hits you but does no damage.
The phantom hits you.
The phantom blinks!
You blink. 2 orcs come into view.
The phantom hits you.
The orc priest invokes the aid of Beogh against you.
You resist with some effort.
Enter note: You shoot an arrow.
The orc shouts! x2
The arrow hits the phantom!
The phantom is heavily damaged.
The orc priest hits you with a +0 dagger.
The phantom hits you.
The phantom blinks!
You blink.
You shoot an arrow. The arrow barely misses the phantom.
The phantom hits you but does no damage.
The phantom hits you.
The phantom blinks!
You blink.
Enter note: You shoot an arrow.
The arrow hits the phantom!
The phantom is severely damaged.
The phantom closely misses you.
You shoot an arrow. The arrow closely misses the phantom.
The phantom completely misses you. The phantom closely misses you.
The orc priest mumbles some strange prayers to Beogh against you.
Beogh smites you!
You die...

#...........#
#.....).....#
#...........#
#..<.......#
##....##...o.##..#
#.....+......##..###
#.....#......o.....#
#....#.....o.o....+ .
#....##....Z..@W..#
.##....##.....##..#....#
.......#......##..#...8#
.......'.......#........
.##..####.##..##.....P..
####'####.##+###......$
.................).....
.......................
###..###......##


You could see a phantom, an orc priest, 3 orcs and a scorpion zombie.

Vanquished Creatures
  An ogre (D:4)
  A phantom (D:4)
  A water moccasin skeleton (D:4)
  A bullfrog zombie (D:4)
  An orc priest (D:3)
  A scorpion zombie (D:4)
  A hound zombie (D:4)
  2 adders (D:2)
  2 adder skeletons (D:4)
  2 adder zombies (D:4)
  4 worms
  7 orcs
  3 ball pythons
  6 bats
  5 endoplasms
  9 goblins
  3 hobgoblins
  4 jackals
  6 kobolds
  3 quokkas
  2 frilled lizards
  2 rats (D:1)
67 creatures vanquished.

Notes
Turn   | Place    | Note
-------+----------+-------------------------------------------
     0 | D:1      | qw the Deep Elf Hunter began the quest for the Orb.
     0 | D:1      | Reached XP level 1. HP: 12/12 MP: 3/3
     0 | D:1      | 0 ||| qw: Version: 0.3-a-9-g12657ce
     0 | D:1      | 0 ||| qw: Game counter: 3755
     0 | D:1      | 0 ||| qw: Always use a shield: true
     0 | D:1      | 0 ||| qw: God list: Okawaru
     0 | D:1      | 0 ||| qw: Allow faded altars: false
     0 | D:1      | 0 ||| qw: Do Orc after D:15 true
     0 | D:1      | 0 ||| qw: Do second Lair branch before Depths: true
     0 | D:1      | 0 ||| qw: Lair rune preference: random
     0 | D:1      | 0 ||| qw: Plans: Normal
     0 | D:1      | 0 ||| PLANNING D:1-11
    88 | D:1      | Found a faded altar of an unknown god.
   274 | D:1      | Reached XP level 2. HP: 16/16 MP: 4/4
   279 | D:1      | Reached skill level 6 in Ranged Weapons
   641 | D:1      | 641 ||| READING scroll labelled MEOTHR AC INAUS.
   642 | D:1      | 642 ||| READING 4 scrolls labelled YMUENI IGENE.
   643 | D:1      | 643 ||| READING scroll labelled UPHYR JOLOE.
   644 | D:1      | 644 ||| READING scroll labelled FAKISS REBERUHY.
   645 | D:1      | 645 ||| READING scroll labelled RULEUR VEURGHO.
   646 | D:1      | 646 ||| READING scroll labelled WOPLOM JOGH.
   651 | D:1      | 651 ||| DRINKING 2 golden potions.
   652 | D:1      | 652 ||| READING 3 scrolls of identify.
   652 | D:1      | 652 ||| IDENTIFYING glowing grey potion
   653 | D:1      | 653 ||| READING 2 scrolls of identify.
   653 | D:1      | 653 ||| IDENTIFYING fizzy pink potion
   654 | D:1      | 654 ||| DROPPING scroll of butterflies.
   655 | D:1      | 655 ||| DROPPING potion of degeneration.
   786 | D:2      | Reached XP level 3. HP: 20/20 MP: 5/5
  1051 | D:2      | Reached skill level 7 in Ranged Weapons
  1577 | D:2      | 1577 ||| UPGRADING to +0 scale mail.
  1587 | D:2      | 1587 ||| DROPPING +0 leather armour.
  1588 | D:2      | 1588 ||| READING scroll labelled TUFULOPHOR.
  1589 | D:2      | 1589 ||| READING 2 scrolls of identify.
  1589 | D:2      | 1589 ||| IDENTIFYING bubbling sapphire potion
  1616 | D:3      | Noticed qw's ghost (amateur DEHu)
  1633 | D:3      | Found a transporter.
  1648 | D:3      | Found a transporter.
  1705 | D:3      | Reached XP level 4. HP: 25/25 MP: 6/6
  1847 | D:3      | Reached skill level 8 in Ranged Weapons
  1872 | D:3      | Found a large runed translucent door.
  1873 | D:3      | Found a large runed translucent door.
  2437 | D:3      | 2437 ||| UPGRADING to +0 ring mail.
  2447 | D:3      | 2447 ||| DROPPING +0 scale mail.
  2448 | D:3      | 2448 ||| UPGRADING to +0 helmet.
  2453 | D:3      | 2453 ||| UPGRADING to ring of willpower.
  2454 | D:3      | 2454 ||| READING 2 scrolls labelled ROATUD BOI.
  2454 | D:3      | Found a white marble altar of Elyvilon.
  2454 | D:3      | Found an opulent altar of Gozag.
  2455 | D:3      | 2455 ||| READING scroll labelled OGAPHI ODGHI.
  2556 | D:3      | 2556 ||| DRINKING 3 viscous cyan potions.
  2614 | D:3      | 2614 ||| DROPPING scroll of revelation.
  2615 | D:3      | 2615 ||| DROPPING 2 potions of lignification.
  2652 | D:4      | Noticed a phantom
  2654 | D:4      | Killed a phantom
  2655 | D:4      | Reached skill level 9 in Ranged Weapons
  2655 | D:4      | Reached XP level 5. HP: 29/29 MP: 7/7
  2665 | D:4      | Reached XP level 6. HP: 24/35 MP: 8/8
  2714 | D:4      | Reached skill level 10 in Ranged Weapons
  2801 | D:4      | Reached skill level 3 in Dodging
  2810 | D:4      | HP: 8/35 [phantom (2)]
  2812 | D:4      | HP: 1/35 [phantom (3)]
  2814 | D:4      | Killed from afar by an orc priest

Levels and vault maps discovered:
D:1:      nzn_arrival_crosshair, layout_loops_ring,
          dreamdust_ecumenical_altar_grove,
          wander_ebering_terrifying_dragon_lair
D:2:      layout_basic
D:3:      minmay_inner_zag, layout_loops_cross, jmf_multi_god_temple2,
          gammafunk_ghost_arena, kennysheep_path_1
D:4:      layout_gridville, temple_green, serial_undead, serial_undead_c,
          serial_undead_a, serial_undead_b, serial_undead_b, serial_undead_c,
          hangedman_decor_riveting

Skill      XL: |  1  2  3  4  5  6 |
---------------+-------------------+-----
Ranged Weapons | 6 7 9 10 | 10.0
Fighting       | 2 |  2.2
Dodging        | 3 |  3.0
Stealth        | |  1.2

Action                     |  1- 3 |  4- 6 || total
---------------------------+-------+-------++-------
   Fire: Shortbow          |    66 |    92 ||   158
    Use: Scroll            |    10 |     2 ||    12
         Potion            |     1 |     1 ||     2
 Armour: Leather armour    |     2 |       ||     2
         Scale mail        |     4 |    14 ||    18
         Ring mail         |       |    17 ||    17
  Dodge: Dodged            |     4 |    43 ||    47

Table legend:
 A = Non-vault XP
 B = Vault XP
 C = Vault XP percentage of total XP
 D = Non-vault monster count
 E = Vault monster count
 F = Vault count percentage of total count
                 A         B        C        D         E       F
            +---------+---------+-------+---------+---------+-------
      Total |     287 |     318 |  52.6 |      50 |      17 |  25.4
            +---------+---------+-------+---------+---------+-------
        D:1 |      19 |       1 |   5.0 |      11 |       1 |   8.3
        D:2 |      67 |       0 |   0.0 |      18 |       0 |   0.0
        D:3 |      77 |      17 |  18.1 |      16 |       7 |  30.4
        D:4 |     124 |     300 |  70.8 |       5 |       9 |  64.3
            +---------+---------+-------+---------+---------+-------
